 Dungeon Crawl Stone Soup version 0.29-a0-515-g7c1fb6cc08 (webtiles) character file.

Game seed: 1875891009212222372

14539 Colgate the Slicer (level 12, -16/71 HPs)
             Began as a Kobold Brigand on May 30, 2022.
             Was a High Priest of Trog.
             Hit by a large rock thrown by a cyclops (28 damage)
             ... on level 12 of the Dungeon.
             The game lasted 00:49:50 (15151 turns).

Colgate the Slicer (Kobold Brigand)                Turns: 15151, Time: 00:49:50

Health: -16/71     AC: 17    Str:  9    XL:     12   Next: 46%
Magic:  12/12      EV: 18    Int: 13    God:    Trog [*****.]
Gold:   815        SH:  8    Dex: 30    Spells: 11/11 levels left

rFire   . . .      SeeInvis .   a - +1 rapier (speed)
rCold   x . .      Faith    .   u - +0 buckler
rNeg    . . .      Spirit   .   F - +2 robe "Tatt" {Harm rC- Dex+10 Stlth-}
rPois   .          Reflect  .   r - +0 helmet
rElec   .          Harm     +   B - +2 cloak
rCorr   .          Rampage  .   H - +0 pair of gloves
Will    .....                   (no boots)
Stlth   +++++.....              (no amulet)
HPRegen 0.21/turn               t - +4 ring of protection
MPRegen 0.13/turn               l - +4 ring of protection

@: no status effects
A: small, no large weapons, nightstalker 3
a: Renounce Religion, Berserk, Trog's Hand, Brothers in Arms


You were on level 12 of the Dungeon.
You worshipped Trog.
Trog was extremely pleased with you.
You visited 2 branches of the dungeon, and saw 13 of its levels.
You also visited: Ossuary.

You collected 815 gold pieces.

Inventory:

Hand Weapons
 a - a +1 rapier of speed (weapon)
 b - a +3 dagger of draining
 K - a +2 scimitar of flaming
Missiles
 d - 42 poisoned darts (quivered)
 e - 3 curare-tipped darts
 v - 9 atropa-tipped darts
 w - 4 boomerangs
Armour
 c - a scarf of harm
 r - a +0 helmet (worn)
 u - a +0 buckler (worn)
 B - a +2 cloak (worn)
 D - +0 steam dragon scales
 F - the +2 robe "Tatt" (worn) {Harm rC- Dex+10 Stlth-}
   (You found it on level 7 of the Dungeon)

   Dex:       It affects your dexterity (+10).
   rC:        It makes you vulnerable to cold.
   Harm:      It increases damage dealt and taken.
   Stlth:     It makes you less stealthy.
 H - a +0 pair of gloves (worn)
 L - a +0 troll leather armour
Jewellery
 j - a ring of protection from fire
 l - a +4 ring of protection (right hand)
 s - a ring of poison resistance
 t - a +4 ring of protection (left hand)
 G - a ring of magical power
 N - a ring of flight
 O - the ring of Yfrip {rN+ MP+9 Int+4}
   (You found it on level 9 of the Dungeon)

   [ring of magical power]

   Int:       It affects your intelligence (+4).
   rN:        It protects you from negative energy.
   MP:        It affects your magic capacity (+9).
Wands
 i - a wand of polymorph (21)
 y - a wand of iceblast (12) {@v2}
 J - a wand of digging (4) {@v3}
 P - a wand of charming (14)
Scrolls
 m - 5 scrolls of teleportation {@r3}
 n - a scroll of acquirement
 p - a scroll of silence
 x - 6 scrolls of fog
 z - a scroll of brand weapon
 C - 2 scrolls of immolation
 E - a scroll of blinking {@r4}
 I - a scroll of magic mapping {@r5}
 Q - 3 scrolls of identify {@r1}
Potions
 f - a potion of curing {@q1}
 g - 4 potions of flight
 h - 2 potions of cancellation
 k - 2 potions of lignification
 o - 2 potions of resistance {@q5}
 q - a potion of ambrosia
 A - 4 potions of heal wounds {@q2}
 M - a potion of haste {@q4}
 R - a potion of mutation {unknown}


   Skills:
 - Level 6.9 Fighting
 - Level 14.4(17.4) Short Blades
 + Level 10.6(12.1) Long Blades
 - Level 2.1 Throwing
 - Level 4.2 Dodging
 - Level 8.2 Stealth
 - Level 2.7 Shields
 - Level 5.0 Evocations


You had 11 spell levels left.
You didn't know any spells.
Your spell library was empty.

Dungeon Overview and Level Annotations

Branches:
Dungeon (12/15)            Temple (1/1) D:7            Lair (0/6) D:9
    Orc (0/2) D:11        Ossuary (visited)

Altars:
Ashenzari
Cheibriados
Dithmenos
Elyvilon
Fedhas
Gozag
Hepliaklqana
Kikubaaqudgha
Makhleb
Nemelex Xobeh
Okawaru
Qazlal
Ru
Sif Muna
Trog
Uskayaw
Vehumet
Wu Jian
Xom
Yredelemnul
Zin
The Shining One


Innate Abilities, Weirdness & Mutations

You are small and have problems with some larger weapons.
You are completely attuned to the shadows.


Message History

The vampire mosquito draws strength from your injuries!
The vampire mosquito closely misses you.
You hit the vampire mosquito but do no damage.
The vampire mosquito closely misses you.
The vampire mosquito barely misses you.
You miss the vampire mosquito.
You block the vampire mosquito's attack.
The two-headed ogre hits you with a +0 giant club! x2
You hit the two-headed ogre. The vampire mosquito barely misses you.
A cyclops comes into view.
The vampire mosquito closely misses you.
The cyclops shouts!
You hit the two-headed ogre but do no damage.
The vampire mosquito closely misses you.
You hit the two-headed ogre. The vampire mosquito barely misses you.
You puncture the two-headed ogre!
You block the vampire mosquito's attack.
The two-headed ogre hits you with a +0 giant club!!
* * * LOW HITPOINT WARNING * * *
The two-headed ogre barely misses you.
The vampire mosquito bites you but does no damage.
You hit the two-headed ogre but do no damage.
The vampire mosquito bites you.
* * * LOW HITPOINT WARNING * * *
The vampire mosquito draws strength from your injuries!
You puncture the two-headed ogre!
The vampire mosquito bites you but does no damage.
The vampire mosquito closely misses you.
You hit the two-headed ogre.
The vampire mosquito completely misses you.
You impale the two-headed ogre!!
You kill the two-headed ogre!
Trog accepts your kill.
You block the vampire mosquito's attack.
The vampire mosquito completely misses you.
You puncture the vampire mosquito!
You destroy the vampire mosquito!
Trog accepts your kill.
The cyclops throws a large rock.
The large rock hits you!!
You die...

.........
.......C.
#.......
#..†)# ..
#..@y#
..##...##
#....#...##
#.........#
#.......## ..
##.........
...#........#.
...#......###
..........#


You could see a cyclops and a vampire mosquito.

Vanquished Creatures
  2 hydras (D:11)
  A boulder beetle (D:11)
  Erica (D:8)
  2 two-headed ogres
  3 death yaks
  2 ugly things (D:11)
  Maggie (D:6)
  Psyche (D:11)
  A kobold demonologist (D:11)
  4 trolls
  Prince Ribbit (D:8)
  2 dream sheep (D:11)
  A wyvern (D:11)
  A shadow (D:9)
  A wraith (D:9)
  6 yaks (D:9)
  3 vampire mosquitoes (D:12)
  Menkaure (D:6)
  A warg (D:11)
  An acid dragon (D:11)
  A black bear (D:5)
  3 ice beasts
  6 orc warriors
  2 ogres
  4 centaurs
  A phantom (D:4)
  4 kobold brigands
  A necrophage (D:7)
  4 bullfrogs
  3 elf zombies (Ossuary)
  A gnoll sergeant (D:9)
  2 scorpions
  3 wights (D:4)
  8 killer bees
  4 howler monkeys
  2 centaur zombies (Ossuary)
  A hound (D:5)
  A jelly (D:6)
  2 human zombies (Ossuary)
  5 orc priests
  A gnoll shaman (D:9)
  7 iguanas
  Crazy Yiuf (D:7)
  9 orc wizards
  3 hell rats
  2 mummies (Ossuary)
  A river rat (D:8)
  6 adders
  10 gnolls (D:9)
  A shadow imp (D:7)
  A white imp (D:7)
  2 ufetubi
  An adder zombie (Ossuary)
  3 worms
  A dart slug (D:5)
  43 orcs
  2 bats (D:2)
  3 endoplasms
  3 giant cockroaches
  8 goblins
  8 hobgoblins
  16 kobolds
  5 quokkas
  7 ball pythons
  4 frilled lizards
  2 goblin zombies (Ossuary)
  8 hobgoblin zombies (Ossuary)
  2 jackal zombies (Ossuary)
  8 kobold zombies (Ossuary)
  9 orc zombies (Ossuary)
  8 rats
  A spectral hobgoblin (D:2)
280 creatures vanquished.

Vanquished Creatures (others)
  4 plants (D:11)
4 creatures vanquished.

Grand Total: 284 creatures vanquished

Notes
Turn   | Place    | Note
-------+----------+-------------------------------------------
     0 | D:1      | Colgate the Kobold Brigand began the quest for the Orb.
     0 | D:1      | Reached XP level 1. HP: 12/12 MP: 1/1
    56 | D:1      | Reached skill level 3 in Short Blades
   254 | D:1      | Reached XP level 2. HP: 17/17 MP: 2/2
   609 | D:1      | Reached skill level 4 in Short Blades
   784 | D:1      | You fall into a shaft and drop 1 floor!
  1267 | D:1      | Reached XP level 3. HP: 22/22 MP: 3/3
  1599 | D:2      | Reached XP level 4. HP: 28/28 MP: 4/4
  2039 | D:2      | Found a faded altar of an unknown god.
  2045 | D:2      | Prayed at the altar of an unknown god.
  2045 | D:2      | Became a worshipper of Trog the Wrathful
  2045 | D:2      | Reached * piety under Trog
  2533 | D:3      | Found a white marble altar of Elyvilon.
  3304 | D:4      | Reached XP level 5. HP: 33/33 MP: 5/5
  3618 | D:4      | Reached ** piety under Trog
  3780 | D:4      | Reached skill level 5 in Short Blades
  3786 | D:4      | Noticed a phantom
  3803 | D:4      | Reached skill level 6 in Short Blades
  3803 | D:4      | Reached XP level 6. HP: 9/38 MP: 6/6
  4048 | D:4      | Reached skill level 7 in Short Blades
  4238 | D:4      | Reached skill level 8 in Short Blades
  4238 | D:4      | Reached XP level 7. HP: 43/43 MP: 7/7
  4612 | D:5      | Entered Level 5 of the Dungeon
  4870 | D:5      | Found a sand-covered staircase.
  4878 | Ossuary  | Entered an ossuary
  5094 | Ossuary  | Reached *** piety under Trog
  5095 | Ossuary  | Reached skill level 9 in Short Blades
  5355 | Ossuary  | Reached skill level 10 in Short Blades
  5474 | Ossuary  | Reached XP level 8. HP: 42/48 MP: 8/8
  5890 | D:5      | Reached skill level 11 in Short Blades
  6489 | D:6      | Reached skill level 12 in Short Blades
  6894 | D:6      | Noticed Maggie
  7104 | D:6      | Reached skill level 13 in Short Blades
  7104 | D:6      | Reached XP level 9. HP: 48/52 MP: 9/9
  7114 | D:6      | Killed Maggie
  7115 | D:6      | Reached skill level 14 in Short Blades
  7119 | D:6      | Noticed Menkaure
  7123 | D:6      | Killed Menkaure
  7716 | D:7      | Found a staircase to the Ecumenical Temple.
  7722 | Temple   | Entered the Ecumenical Temple
  7859 | D:7      | Reached skill level 1 in Evocations
  8102 | D:7      | Identified a scroll of acquirement
  8468 | D:7      | Reached **** piety under Trog
  8596 | D:7      | Found a runed translucent door.
  8599 | D:7      | Noticed Crazy Yiuf
  8620 | D:7      | Identified the +2 robe "Tatt" {Harm rC- Dex+10 Stlth-}
  8736 | D:7      | Reached skill level 5 in Evocations
  8941 | D:7      | Killed Crazy Yiuf
  9089 | D:8      | Found an ancient bone altar of Kikubaaqudgha.
  9151 | D:8      | Noticed Prince Ribbit
  9164 | D:8      | Killed Prince Ribbit
  9165 | D:8      | Reached XP level 10. HP: 56/56 MP: 10/10
  9443 | D:8      | Found a sacrificial altar of Ru.
  9459 | D:8      | Noticed Erica
  9475 | D:8      | Killed Erica
  9780 | D:8      | Found a bloodstained altar of Trog.
 10538 | D:8      | Identified the +8 scythe "Benkobar" {freeze, rF+ rN+ Dex+4}
 10857 | D:9      | Noticed a death yak
 10864 | D:9      | Noticed a death yak
 10874 | D:8      | Killed a death yak
 10937 | D:8      | Killed a death yak
 10992 | D:9      | Found a staircase to the Lair.
 11167 | D:9      | Reached XP level 11. HP: 66/66 MP: 11/11
 11255 | D:9      | Identified the +9 lajatang of Imbalance {chaos, rF- Str+4}
 11336 | D:9      | Reached skill level 5 in Long Blades
 11473 | D:9      | Found a broken altar of Ashenzari.
 11591 | D:9      | Noticed a death yak
 11884 | D:9      | Killed a death yak
 11887 | D:9      | Reached ***** piety under Trog
 12491 | D:9      | Identified the ring of Yfrip {rN+ MP+9 Int+4}
 12556 | D:9      | Found a basalt altar of Yredelemnul.
 12625 | D:10     | Entered Level 10 of the Dungeon
 12871 | D:10     | Noticed a two-headed ogre
 12876 | D:10     | Killed a two-headed ogre
 13654 | D:10     | Found a hide-covered altar of Uskayaw.
 13654 | D:10     | Found a stormy altar of Qazlal.
 13986 | D:11     | Noticed a purple ugly thing
 14002 | D:11     | Killed a purple ugly thing
 14123 | D:11     | Noticed a purple ugly thing
 14141 | D:11     | Killed a purple ugly thing
 14183 | D:11     | Found a staircase to the Orcish Mines.
 14252 | D:11     | Noticed Psyche
 14256 | D:11     | Killed Psyche
 14257 | D:11     | Reached XP level 12. HP: 71/71 MP: 12/12
 14432 | D:11     | Noticed a four-headed hydra
 14454 | D:11     | Killed a one-headed hydra
 14593 | D:11     | Noticed a boulder beetle
 14596 | D:11     | Killed a boulder beetle
 14687 | D:11     | Reached skill level 10 in Long Blades
 14687 | D:11     | Noticed a two-headed hydra
 14697 | D:11     | Killed a one-headed hydra
 15137 | D:12     | Noticed a two-headed ogre
 15150 | D:12     | Killed a two-headed ogre
 15151 | D:12     | Hit by a large rock thrown by a cyclops

Illustrated notes

Levels and vault maps discovered:
D:1:      onia_arrival_pyramid, layout_basic, chequers_decorated_corner,
          minmay_octomino_j4
D:2:      layout_basic, dreamdust_ecumenical_altar_drowned_temple
D:3:      layout_loops_ring, kennysheep_flooded_box
D:4:      layout_basic, serial_park_tiny_pond
D:5:      layout_basic, enter_ossuary_2, chequers_hall_statues_wall_a
D:6:      layout_rooms, chequers_serial_rivers_micro_b, uniq_maggie,
          uniq_menkaure
D:7:      layout_gridville, minmay_temple_entry_mist, uniq_crazy_yiuf_cottage
D:8:      layout_layer_cave, mainiacjoe_overflow_alcove_4, tgw_kikubaaqudgha,
          lemuel_round_altar, kennysheep_big_empty_room,
          chequers_serial_rivers_micro_d, uniq_prince_ribbit1, uniq_erica
D:9:      layout_basic, mainiacjoe_overflow_24_doors,
          mainiacjoe_overflow_concentric_impassable, dpeg_lair_monsters,
          minivault_10
D:10:     layout_roguey, gammafunk_temple_overflow_elements
D:11:     layout_gridville, erik_orc_4, kennysheep_path_1, grunt_decor_fettered,
          st_stairs_3, hangedman_ranch, uniq_psyche
D:12:     layout_cave_pools, nicolae_hepliaklqana_hazy_memory, uniq_erolcha
Temple:   regret_index_temple_waves

Skill      XL: |  1  2  3  4  5  6  7  8  9 10 11 12 |
---------------+-------------------------------------+-----
Short Blades   | 3 4 6 8 10 13 14 | 14.4
Fighting       | 3 4 6 |  6.9
Dodging        | 2 4 |  4.2
Stealth        | 8 |  8.2
Evocations     | 5 |  5.0
Long Blades    | 4 8 10 | 10.6
Shields        | 2 |  2.7
Throwing       | |  2.1

Action                   |  1- 3 |  4- 6 |  7- 9 | 10-12 || total
-------------------------+-------+-------+-------+-------++-------
Melee: Dagger            |    66 |    79 |    42 |    39 ||   226
       Punch             |     1 |     1 |       |       ||     2
       Rapier            |       |    24 |   299 |   335 ||   658
       Scimitar          |       |       |       |     9 ||     9
Throw: Dart              |       |       |       |    10 ||    10
       Boomerang         |       |       |       |     2 ||     2
Invok: Berserk           |       |     3 |     1 |     7 ||    11
  Use: Scroll            |       |     6 |    15 |     3 ||    24
 Stab: Sleeping          |    11 |    18 |    40 |    30 ||    99
       Distracted        |       |       |     2 |     3 ||     5
Armor: Robe              |    10 |     6 |    28 |    48 ||    92
       Steam dragon scal |       |       |     2 |       ||     2
Dodge: Dodged            |    34 |    29 |    88 |   132 ||   283
Block: Buckler           |       |     6 |    49 |    64 ||   119

Table legend: (Time is in decaauts)
 A = Elapsed time spent in this place.
 B = Non-inter-level travel time spent in this place.
 C = Inter-level travel time spent in this place.
 D = Time resting spent in this place.
 E = Time spent auto-exploring this place.
 F = Levels seen in this place.
 G = Mean time per level.
                   A        B        C        D        E       F      G
               +--------+--------+--------+--------+--------+-----+--------+
         Total |  14812 |  14013 |    799 |    726 |  11209 |  14 | 1058.0 |
       Dungeon |  14002 |  13220 |    782 |    726 |  10631 |  12 | 1166.8 |
        Temple |    107 |     90 |     17 |      0 |     74 |   1 |  107.0 |
       Ossuary |    702 |    702 |      0 |      0 |    504 |   1 |  702.0 |
               +--------+--------+--------+--------+--------+-----+--------+

Top non-repeatable levels by time:
     D:8: 1884 daAuts
     D:9: 1603 daAuts
    D:11: 1376 daAuts
     D:1: 1370 daAuts
     D:7: 1265 daAuts
     D:5: 1227 daAuts
     D:4: 1223 daAuts
     D:3: 1101 daAuts
    D:10: 1002 daAuts
     D:6: 972 daAuts
     D:2: 951 daAuts
 Ossuary: 702 daAuts
  Temple: 107 daAuts
    D:12: 21 daAuts
